AoeStats
← AiM | Josema

African Clearing

510927908Analyzed
4v4 RM · 11h ago on Oct 3, 2026· 43m 53s· 8 players
Game mode
Random Map
Map size
Large (8 player)
Population
200
Speed
Normal
Resources
Standard
Victory
Conquest
Starting age
Dark Age
Ending age
Imperial Age
RankedLock teamsTeams togetherTeam positionsShared explorationLock speedFull tech treeHidden civsTurbo modeCheats
Victory
Defeat
🇵🇪 Inca · Peru
1209
+14
🇩🇪 Georgians · Germany
1183
+15
🇨🇱 Ethiopians · Chile
1172
+15
🇵🇪 Vietnamese · Peru
1123
+18
🇹🇼 Poles · Taiwan
1204
-17
🇲🇽 Tatars · Mexico
1152
-15
🇲🇽 Cumans · Mexico
1148
-15
🇲🇽 Lithuanians · Mexico
1136
-15
AiM | Josema
9:33 Loom
10:21 Loom
14:22 Feudal Age
14:28 Man-at-Arms
18:12 Double-Bit Axe
22:13 Town Watch
24:40 Horse Collar
27:36 Castle Age
27:51 Fletching
28:00 Crossbowman
28:46 Bodkin Arrow
29:51 Bow Saw
32:10 Ballistics
34:22 Padded Archer Armor
35:11 Masonry
37:15 Wheelbarrow
45:15 Imperial Age
Keelee
3:21 Loom
13:46 Feudal Age
14:30 Double-Bit Axe
19:53 Castle Age
18:09 Stone Mining
18:33 Horse Collar
25:45 Bloodlines
26:47 Husbandry
28:04 Forging
29:00 Wheelbarrow
28:55 Scale Barding Armor
30:15 Iron Casting
30:17 Gold Mining
31:10 Hand Cart
34:55 Imperial Age
32:50 Fletching
33:59 Chain Barding Armor
34:41 Bodkin Arrow
35:17 Svan Towers
36:02 Elite Monaspa
37:02 Heavy Plow
39:22 Blast Furnace
39:58 Plate Barding Armor
41:50 Bow Saw
42:17 Stone Shaft Mining
43:41 Scale Mail Armor
43:51 Town Watch
Alejomc26
13:13 Feudal Age
16:52 Castle Age
15:46 Double-Bit Axe
15:41 Horse Collar
18:06 Heavy Plow
21:53 Bow Saw
26:03 Wheelbarrow
26:48 Town Watch
28:50 Fletching
33:11 Imperial Age
32:00 Bodkin Arrow
33:02 Forging
32:52 Scale Mail Armor
32:53 Loom
34:16 Bracer
34:53 Iron Casting
35:19 Squires
35:04 Arson
37:22 Blast Furnace
36:37 Chain Mail Armor
36:43 Hand Cart
37:04 Crop Rotation
36:25 Gold Mining
36:25 Stone Mining
36:13 Capped Ram
36:35 Elite Kamayuk
37:19 Fabric Shields
37:53 Plate Mail Armor
38:26 Conscription
39:06 Siege Ram
40:55 Siege Engineers
41:12 Ballistics
40:50 Murder Holes
43:35 Champi Runner
JK_TheBest
3:15 Loom
12:21 Feudal Age
18:29 Castle Age
16:59 Double-Bit Axe
19:50 Forging
20:52 Squires
22:22 Scale Mail Armor
25:57 Arson
27:10 Gold Mining
27:45 Stone Mining
31:50 Fletching
33:15 Wheelbarrow
32:56 Bodkin Arrow
37:18 Imperial Age
37:53 Capped Ram
43:05 Bow Saw
43:13 Hand Cart
44:33 Two-Man Saw
Dorek xD
14:24 Feudal Age
18:53 Castle Age
18:55 Forging
23:42 Loom
29:35 Wheelbarrow
30:20 Fletching
31:18 Bodkin Arrow
32:51 Gold Mining
32:51 Double-Bit Axe
37:16 Imperial Age
36:21 Bow Saw
36:54 Hand Cart
37:19 Ballistics
37:42 Padded Archer Armor
39:21 Chemistry
43:20 Elite Kipchak
BerC
8:28 Loom
12:37 Feudal Age
15:14 Double-Bit Axe
19:52 Wheelbarrow
23:47 Town Watch
28:14 Castle Age
28:04 Forging
28:38 Arson
29:20 Hand Cart
28:53 Pikeman
29:33 Squires
30:26 Bow Saw
33:19 Fletching
35:58 Bodkin Arrow
38:56 Padded Archer Armor
38:55 Horse Collar
40:02 Ballistics
40:37 Leather Archer Armor
安安您好
12:51 Feudal Age
11:48 Loom
15:13 Double-Bit Axe
19:11 Castle Age
18:22 Horse Collar
20:08 Bow Saw
20:49 Heavy Plow
22:18 Town Watch
25:26 Wheelbarrow
26:08 Szlachta Privileges
26:54 Gold Mining
27:40 Bloodlines
27:31 Husbandry
29:19 Forging
31:21 Iron Casting
30:52 Scale Barding Armor
31:55 Hand Cart
33:37 Town Patrol
38:08 Imperial Age
38:10 Cavalier
39:33 Conscription
39:37 Lechitic Legacy
39:23 Capped Ram
41:54 Blast Furnace
41:20 Chain Barding Armor
41:03 Light Cavalry
Cesar
3:13 Loom
12:20 Feudal Age
13:28 Double-Bit Axe
15:55 Bloodlines
16:09 Scale Barding Armor
21:48 Castle Age
21:12 Gold Mining
21:06 Horse Collar
30:18 Town Watch
31:52 Husbandry
33:28 Forging
34:21 Wheelbarrow
36:20 Hand Cart
36:43 Town Patrol
40:02 Imperial Age
38:22 Bow Saw
38:24 Fletching
38:36 Padded Archer Armor
39:35 Masonry
39:07 Treadmill Crane
40:23 Elite Steppe Lancer
44:26 Gold Shaft Mining
43:53 Heavy Plow
Connection lost

Rejoining the realm…

Still unreachable

The connection could not be restored.

Session expired

The server has moved on; the page needs a fresh start.